Map: Port Aleksander LE

Players

Branstyle

  • Race: Terran Terran
  • League: Silver
  • Spawn Location: 11:00

Smileblind - Winner!

  • Race: Protoss Protoss
  • League: Silver
  • Spawn Location: 5:00

VOD

Have the link to the VOD?

Description

Time

  • Played on: Jan. 10, 2019, 6:30 p.m.
  • Length: 19:22
Show
View Real Time Build Order
Export as new Build Order

Branstyle Terran 

Build Orders:  

Get SALT Encoding   

  12  0:14  Supply Depot  
  12  0:20  Refinery  
  12  0:21  SCV  
  13  0:43  Barracks  
  13  0:55  Engineering Bay  
  13  1:21  SCV  
  14  1:45  Missile Turret  
  14  1:50  Hi-Sec Auto Tracking  
  14  1:52  SCV  
  15  1:57  Supply Depot  
  15  2:06  Missile Turret  
  15  2:29  Missile Turret, Refinery  
  15  2:36  Bunker  
  15  2:55  Barracks Reactor  
  15  3:00  Orbital Command  
  15  3:05  Bunker  
  15  3:20  Factory  
  15  3:31  Marine  
  15  3:32  Marine  
  17  3:36  Bunker  
  17  3:49  Marine  
  17  3:50  Marine  
  19  4:01  SCV  
  20  4:07  Marine x2  
  20  4:09  Missile Turret  
  22  4:20  Factory Tech Lab  
  22  4:25  Marine  
  22  4:26  Marine  
  24  4:32  SCV  
  25  4:43  Marine  
  26  4:55  Supply Depot  
  27  5:00  SCV  
  27  5:13  Marine x2  
  29  5:18  Supply Depot  
  29  5:31  Terran Infantry Weapons Level 1, Marine x2  
  31  5:59  Marine x2  
  31  6:01  Starport  
  33  6:05  SCV  
  34  6:27  Sensor Tower  
  34  6:38  Marine  
  35  7:01  Starport Tech Lab  
  35  7:15  Sensor Tower  
  35  7:26  Terran Infantry Armor Level 1  
  35  7:58  Command Center  
  35  8:05  Missile Turret  
  35  8:26  Bunker  
  35  8:29  Marine  
  35  8:30  Marine  
  37  8:58  Bunker  
  37  9:02  Raven  
  39  9:43  Missile Turret  
  39  9:46  Refinery  
  39  9:50  Refinery, Planetary Fortress  
  39  10:09  Marine  
  39  10:10  Marine  
  41  10:27  Missile Turret, Marine x2  
  43  10:31  SCV  
  44  10:43  SCV  
  44  10:45  Marine  
  46  10:55  SCV  
  47  11:07  SCV, Bunker  
  48  11:11  Armory  
  48  11:18  Siege Tank  
  48  11:19  SCV  
  52  11:56  Sensor Tower  
  52  12:15  Missile Turret  
  52  12:31  Terran Infantry Weapons Level 2  
  52  12:36  Terran Vehicle Weapons Level 1  
  52  12:42  Armory  
  52  12:53  Bunker  
  52  13:12  Thor  
  58  13:24  Bunker  
  58  13:39  Missile Turret  
  58  13:40  Missile Turret  
  58  13:43  Missile Turret  
  58  13:55  Missile Turret  
  58  13:56  Bunker  
  58  14:18  Terran Ship Weapons Level 1  
  58  14:24  Medivac  
  58  14:47  Terran Infantry Armor Level 2  
  58  15:39  Missile Turret  
  58  16:00  Missile Turret  
  58  16:20  Missile Turret  
  58  16:23  Thor  
  64  17:18  Thor  
  70  17:24  Marine x2  
  66  17:42  Marine x2  
  39  18:00  Marine x2  
  35  18:17  Marine  
  35  18:18  Marine  
Show
View Real Time Build Order
Export as new Build Order

Smileblind Protoss - Winner!

Build Orders:  

Get SALT Encoding   

  12  0:01  Probe  
  13  0:13  Probe  
  14  0:21  Pylon  
  14  0:25  Probe  
  15  0:35  Assimilator  
  15  0:39  Probe  
  16  0:49  Gateway  
  16  0:53  Probe  
  17  0:57  Assimilator  
  17  1:01  Probe  
  17  1:10  Probe  
  19  1:19  Probe  
  19  1:24  Gateway  
  20  1:27  Probe  
  21  1:36  Probe  
  21  1:37  Pylon  
  22  1:51  Cybernetics Core  
  22  1:55  Zealot  
  24  2:01  Forge  
  24  2:16  Gateway  
  24  2:17  Probe  
  25  2:31  Warp Gate  
  25  2:39  Photon Cannon  
  25  2:43  Photon Cannon  
  25  2:58  Shield Battery  
  25  3:03  Adept x2  
  25  3:04  Adept  
  31  3:16  Pylon  
  31  3:44  Nexus  
  31  3:53  Photon Cannon  
  31  4:03  Photon Cannon  
  31  4:15  Shield Battery  
  31  4:27  Robotics Facility  
  31  4:31  Zealot  
  31  4:37  Sentry  
  31  4:38  Sentry  
  37  4:51  Gateway  
  37  4:58  Pylon  
  37  5:03  Probe  
  37  5:06  Probe  
  39  5:11  Probe  
  39  5:19  Probe  
  41  5:23  Twilight Council  
  41  5:31  Robotics Bay, Probe  
  42  5:46  Immortal  
  46  6:25  Colossus  
  46  6:27  Probe x2  
  46  6:32  Charge  
  54  6:36  Pylon  
  54  6:38  Assimilator  
  54  6:39  Probe x2  
  56  6:41  Assimilator  
  56  6:51  Probe  
  56  6:52  Probe  
  58  6:56  Photon Cannon  
  58  6:58  Extended Thermal Lance  
  58  7:03  Probe  
  58  7:04  Probe  
  58  7:05  Photon Cannon  
  60  7:15  Probe  
  60  7:16  Probe  
  62  7:28  Probe x2  
  64  7:37  Nexus  
  64  7:41  Pylon  
  64  7:47  Pylon  
  64  7:50  Stalker  
  66  7:55  Stalker  
  68  8:09  Gateway  
  68  8:11  Gateway  
  68  8:20  Stargate  
  68  8:32  Immortal  
  68  8:33  Probe  
  73  8:37  Protoss Ground Weapons Level 1  
  73  8:41  Probe  
  73  8:44  Protoss Air Weapons Level 1  
  74  8:49  Probe  
  75  9:00  Probe  
  76  9:06  Gateway  
  76  9:10  Gateway  
  76  9:12  Probe  
  77  9:17  Dark Shrine  
  77  9:21  Void Ray  
  81  9:30  Photon Cannon  
  81  9:33  Shield Battery  
  81  9:35  Shield Battery  
  81  9:40  Photon Cannon  
  81  9:46  Probe  
  81  9:51  Probe x2  
  84  9:54  Probe  
  85  10:02  Assimilator  
  85  10:03  Assimilator, Probe  
  85  10:04  Void Ray  
  90  10:09  Pylon  
  90  10:13  Colossus  
  96  10:27  Zealot  
  96  10:28  Zealot x2  
  100  10:29  Zealot x2  
  100  10:32  Zealot  
  108  10:42  Pylon  
  108  10:43  Pylon  
  108  10:51  Probe  
  109  10:59  Probe, Void Ray  
  109  11:02  Templar Archives  
  114  11:09  Dark Templar, Probe  
  114  11:10  Dark Templar x2  
  121  11:21  Probe  
  122  11:31  Stargate, Probe  
  122  11:39  Probe  
  123  11:42  Fleet Beacon  
  124  11:47  Probe  
  125  11:54  Pylon  
  125  12:07  Probe  
  125  12:08  Pylon, Void Ray  
  122  12:10  Pylon  
  122  12:13  Pylon  
  122  12:14  Pylon  
  124  12:16  High Templar x2, Pylon  
  124  12:17  High Templar  
  124  12:18  High Templar  
  124  12:19  Probe  
  133  12:26  Immortal  
  137  12:32  Nexus  
  137  12:36  Gateway  
  137  12:38  Gateway, Protoss Ground Weapons Level 2  
  137  12:42  Gateway  
  137  12:44  Protoss Air Weapons Level 2  
  137  12:47  Gateway  
  137  13:00  Void Ray  
  137  13:05  Immortal  
  145  13:07  Void Ray  
  149  13:16  Stalker x2  
  149  13:17  Stalker  
  155  13:21  Stalker  
  157  13:28  Photon Cannon  
  157  13:30  Photon Cannon  
  157  13:35  Photon Cannon  
  157  13:43  Probe  
  157  13:47  Assimilator  
  158  13:51  Assimilator, Probe  
  159  13:58  Mothership  
  159  14:00  Probe  
  167  14:05  Void Ray  
  172  14:12  Probe, Void Ray  
  177  14:24  Probe  
  174  14:52  Void Ray  
  174  14:54  Protoss Ground Weapons Level 3, Void Ray  
  174  14:57  Immortal  
  174  14:58  Protoss Air Weapons Level 3  
  182  15:35  Void Ray  
  186  15:45  Photon Cannon x2  
  186  15:48  Pylon  
  186  15:50  Pylon  
  186  15:51  Shield Battery  
  186  15:55  Shield Battery  
  186  15:56  Shield Battery  
  186  15:58  Shield Battery  
  186  16:04  Pylon  
  186  16:05  Void Ray  
  186  16:06  Pylon  
  186  16:10  Pylon, Colossus  
  196  16:16  Stalker x2  
  200  16:25  Psionic Storm  
  148  18:52  Dark Templar x2  
  148  18:53  Dark Templar x2  
Tags
 
Add a new tag
Caveats
  • Supply blocks, unpowered buildings, or Contaminate may cause inaccurate times.
  • Supply counts are checked every 10 seconds.